cohdb
Replays
Latest Replays
All Replays
Popular Replays
Top Player Replays
Match Explorer
How It Works
Community
CoH3 Stats
Reddit
Sign in to upload your games and track your stats! →
Sign in with Steam
Match 43704583
Unlisted
Match 43704583
Overview
Messages
Build Orders
End
Construct Barracks
Engineer Squad
Selects Heavy Weapons
Selects Heavy Weapons
Riflemen Squad
Riflemen Squad
Riflemen Squad
Grenade Package
Infantry Support Center
Engineer Squad
Selects M2HB .50cal Heavy Machine Gun
Selects Assault Carriers
Construct Medical Station
Mortar Pit
Construct Weapon Support Center
Selects Halftrack Strongpoints
M1919 Machine Gun Team
Mortar Pit
Construct Tank Depot
.30 cal Machine Gun
[DOOM INTENSIFIES]
Rafaelo
Longski
Redacted
Victor
hogarthw
0
0
Comments
sign in to comment!
No comments posted yet!